 Dungeon Crawl Stone Soup version 0.25.1-1-g288607f (webtiles) character file.

Game seed: 3236135710566743278

967 Grimbyte the Skirmisher (level 8, -1/88 HPs)
             Began as an Ogre Berserker on Nov 17, 2020.
             Was an Elder of Trog.
             Slain by an orc
             ... wielding a +0 trident
              (6 damage)
             ... on level 6 of the Dungeon.
             The game lasted 01:01:50 (4761 turns).

Grimbyte the Skirmisher (Ogre Berserker)            Turns: 4761, Time: 01:01:51

Health: -1/88      AC:  3    Str: 22    XL:     8   Next: 15%
Magic:  0/8        EV: 10    Int: 10    God:    Trog [****..]
Gold:   224        SH:  0    Dex:  8    Spells: 7/7 levels left

rFire    + . .     SeeInvis .   C - +2 quarterstaff (vorpal)
rCold    x . .     Gourm    .   (shield currently unavailable)
rNeg     . . .     Faith    .   g - +0 robe
rPois    .         Spirit   +   (helmet restricted)
rElec    .         Reflect  .   (no cloak)
rCorr    .         Harm     .   (gloves unavailable)
MR       .....                  (boots unavailable)
Stlth    +.........             y - amulet of guardian spirit
HPRegen  0.24/turn              D - ring of fire
MPRegen  0.11/turn              (no ring)

@: no status effects
A: large, unfitting armour, tough skin 1
a: Berserk, Trog's Hand, Brothers in Arms, Renounce Religion


You were on level 6 of the Dungeon.
You worshipped Trog.
Trog was greatly pleased with you.
You were not hungry.

You visited 1 branch of the dungeon, and saw 6 of its levels.
You also visited: Sewer.

You collected 224 gold pieces.

Inventory:

Hand Weapons
 s - a +0 morningstar
 C - a +2 vorpal quarterstaff (weapon)
 G - a +0 glaive
Missiles
 a - 16 bolts
 h - 36 poisoned darts (quivered)
 m - 101 stones
Armour
 g - a +0 robe (worn)
 o - a +0 kite shield
 H - a +0 plate armour of fire resistance
Jewellery
 x - an uncursed amulet of the acrobat
 y - an amulet of guardian spirit (around neck)
 D - a ring of fire (left hand)
Wands
 d - a wand of digging (5)
Scrolls
 f - 3 scrolls of teleportation
 i - 2 scrolls of remove curse
 l - 3 scrolls of enchant weapon
 n - 3 scrolls of amnesia
 p - 2 scrolls of fog
 t - 2 scrolls of enchant armour
 v - 2 scrolls of torment {unknown}
 w - a scroll of immolation
 B - a scroll of fear
Potions
 b - 2 potions of flight
 e - 2 potions of resistance {unknown}
 j - a potion of curing
 k - a potion of lignification {unknown}
 q - a potion of heal wounds {unknown}
 r - a potion of might {unknown}
 u - 4 potions of brilliance {unknown}
 z - a potion of degeneration {unknown}
 A - a potion of cancellation {unknown}
 E - a potion of haste {unknown}
Comestibles
 c - 12 rations
 F - 8 chunks of flesh


   Skills:
 + Level 7.9 Fighting
 - Level 5.6(6.3) Maces & Flails
 * Level 5.0(6.4) Staves
 - Level 2.6 Dodging


You had 7 spell levels left.
You didn't know any spells.
Your spell library contained the following spells:

 Spells                   Type           Power        Failure   Level  Hunger
 Infusion                 Chrm           #...         36%         1    ##.....
 Shroud of Golubria       Chrm/Tloc      #.....       50%         2    ###....
 Song of Slaying          Chrm           #.......     50%         2    ###....
 Ozocubu's Armour         Chrm/Ice       #.......     75%         3    ####...
 Spectral Weapon          Hex/Chrm       #.......     75%         3    ####...


Dungeon Overview and Level Annotations

Branches:
Dungeon (6/15)              Sewer (visited)
 Temple: D:4-7

Altars:
Gozag
Hepliaklqana
Qazlal
Ru


Innate Abilities, Weirdness & Mutations

You are too large for most types of armour.
You have tough skin. (AC +1)


Message History

The orc closely misses you.
The orc hits you from afar with a +0 trident.
The orc barely misses you. The orc closely misses you.
The orc hits you but does no damage. The orc hits you but does no damage.
The orc hits you with a +0 hand axe.
* * * LOW HITPOINT WARNING * * *
The orc hits you from afar with a +0 trident.
* * * LOW HITPOINT WARNING * * *
The orc hits you with a +0 hand axe.
* * * LOW HITPOINT WARNING * * *
The orc closely misses you. The orc hits you with a +0 hand axe!
* * * LOW HITPOINT WARNING * * *
The orc hits you from afar with a +0 trident.
* * * LOW HITPOINT WARNING * * *
The orc hits you but does no damage. The orc closely misses you.
The orc hits you with a +0 hand axe!
* * * LOW HITPOINT WARNING * * *
The orc hits you from afar with a +0 trident!
You die...

#...# #...#########
#...##......#
######........##.#
#####[
#.............##.#
.....
..............##.# ....
#.............##.# .(o
######...........# ..#
#...#.##.##@# ..##
#...#.##.##o####...#
#...#.##....o......#
....#.#####..###.......
###... #..# .....##
#..#. ....# ##.#..# #
..##. .###.. .# #. .# #
#.# . #.# .


You could see 2 orcs.

Vanquished Creatures
  An orc warrior (D:6)
  An ogre (D:4)
  A centaur (D:5)
  A big kobold (Sewer)
  A bullfrog (D:3)
  2 scorpions
  A crimson imp (D:6)
  A centaur zombie (D:5)
  5 hounds
  An orc priest (D:6)
  An iguana (D:5)
  A worker ant (D:4)
  A hound zombie (D:6)
  4 adders
  A howler monkey skeleton (D:5)
  A river rat (Sewer)
  A shadow imp (D:6)
  An ooze (D:3)
  An adder skeleton (D:5)
  2 dart slugs (D:2)
  4 leopard geckos
  9 orcs
  6 bats
  4 giant cockroaches
  8 goblins
  13 hobgoblins
  A jackal (Sewer)
  3 quokkas
  3 ball pythons
  8 frilled lizards
  A giant cockroach zombie (D:6)
  12 kobolds
  10 rats
  3 plants (D:4)
114 creatures vanquished.

Notes
Turn   | Place    | Note
-------+----------+-------------------------------------------
     0 | D:1      | Grimbyte the Ogre Berserker began the quest for the Orb.
     0 | D:1      | Reached XP level 1. HP: 24/24 MP: 1/1
   257 | D:1      | Reached XP level 2. HP: 30/32 MP: 2/2
   862 | D:1      | Reached ** piety under Trog
   862 | D:1      | Reached XP level 3. HP: 38/40 MP: 3/3
  1432 | D:3      | Reached skill level 5 in Fighting
  1432 | D:3      | Reached XP level 4. HP: 45/50 MP: 4/4
  1468 | D:3      | Found an opulent altar of Gozag.
  1886 | D:3      | Found a sacrificial altar of Ru.
  1887 | D:3      | Noticed a bullfrog
  1901 | D:3      | Killed a bullfrog
  1901 | D:3      | Reached XP level 5. HP: 24/57 MP: 5/5
  2431 | D:4      | Reached skill level 5 in Maces & Flails
  2441 | D:4      | Noticed an ogre
  2445 | D:4      | Killed an ogre
  2445 | D:4      | Reached skill level 6 in Fighting
  2445 | D:4      | Reached XP level 6. HP: 67/67 MP: 6/6
  2535 | D:4      | Reached *** piety under Trog
  2959 | D:4      | Found a stormy altar of Qazlal.
  3330 | D:5      | Entered Level 5 of the Dungeon
  3388 | D:5      | Reached skill level 1 in Staves
  3413 | D:5      | Reached XP level 7. HP: 61/76 MP: 5/7
  3456 | D:5      | Found a hazy altar of Hepliaklqana.
  3707 | D:5      | Found a glowing drain.
  3720 | Sewer    | Entered a sewer
  3780 | Sewer    | Reached skill level 7 in Fighting
  3809 | Sewer    | Found a glowing silver altar of Zin.
  4230 | D:6      | Reached **** piety under Trog
  4501 | D:6      | Reached XP level 8. HP: 86/88 MP: 8/8
  4668 | D:6      | Reached skill level 5 in Staves
  4761 | D:6      | Slain by an orc

Illustrated notes

Levels and vault maps discovered:
D:1:      ncdulo_wetmaze, layout_loops_corners
D:2:      layout_rooms, minmay_cut_off
D:3:      layout_loops_ring, lemuel_doored_altar, grunt_gozag_breadcrumbs,
          first_ration, minivault_23
D:4:      corexii_shack_village, layout_basic, grunt_qazlal_clouds,
          minmay_increasing_density
D:5:      layout_basic, nicolae_overflow_crystal_walls, portal_sewer_entry_d,
          uniq_eustachio
D:6:      minmay_angry_zag, layout_loops_cross, nicolae_overflow_hidden_temple

Skill      XL: |  1  2  3  4  5  6  7  8 |
---------------+-------------------------+-----
Maces & Flails | 3 4 5 |  5.6
Fighting       | 5 6 7 |  7.9
Staves         | 1 4 5 |  5.0
Dodging        | |  2.6

Action                   |  1- 3 |  4- 6 |  7- 9 || total
-------------------------+-------+-------+-------++-------
Melee: Club              |    18 |       |       ||    18
       Mace              |    96 |    19 |       ||   115
       Morningstar       |       |   118 |       ||   118
       Quarterstaff      |       |    10 |    90 ||   100
Throw: Dart              |    36 |    87 |    35 ||   158
       Stone             |       |     1 |       ||     1
Invok: Berserk           |       |     2 |     1 ||     3
  Use: Scroll            |       |     9 |       ||     9
       Potion            |       |       |     3 ||     3
 Stab: Sleeping          |       |     1 |       ||     1
  Eat: Chunk             |     2 |     8 |     2 ||    12
       Ration            |       |       |     1 ||     1
Armor: Animal skin       |    11 |       |       ||    11
       Robe              |    30 |    15 |    12 ||    57
Dodge: Dodged            |    74 |    73 |    60 ||   207
